 Dungeon Crawl Stone Soup version 0.31-a0-986-g5e6e4ef867 (webtiles) character file.

Game seed: 11133090024702816885

44 DocClef the Changeling (level 3, -1/18 HPs)
             Began as a Vine Stalker Shapeshifter on Nov 7, 2023.
             Slain by Crazy Yiuf
             ... wielding a +2 quarterstaff of chaos
              (9 damage)
             ... on level 2 of the Dungeon.
             The game lasted 00:01:52 (1233 turns).

DocClef the Changeling (Vine Stalker Shapeshifter)  Turns: 1233, Time: 00:01:54

Health: -1/18      AC:  2    Str: 16    XL:     3   Next: 60%
Magic:  0/4        EV: 12    Int: 10    God:
Gold:   47         SH:  4    Dex: 15    Spells: 2/2 levels left

rFire   . . .        s - +0 dagger
rCold   . . .        h - +0 buckler
rNeg    . . .        a - +0 animal skin
rPois   .            (helmet currently unavailable)
rElec   .            (cloak currently unavailable)
rCorr   .            (gloves currently unavailable)
SInv    +            (boots currently unavailable)
Will    .....        (no amulet)
Stlth   +            o - ring of see invisible
HPRegen 1.03/turn    (no ring)
MPRegen 0.09/turn

%: guardian spirit
@: beast-form
A: beast (slay +1), fangs 2, regeneration 1, magic shield, antimagic bite, no
potion heal 2
a: Begin Untransformation


You were on level 2 of the Dungeon.
You were a hulking beast.
You visited 1 branch of the dungeon, and saw 2 of its levels.

You collected 47 gold pieces.

Inventory:

Hand Weapons
 s - a +0 dagger (weapon)
Armour
 a - a +0 animal skin (worn)
 h - a +0 buckler (worn)
Jewellery
 k - a +6 ring of intelligence
 o - a ring of see invisible (left hand)
Talismans
 c - a beast talisman
 d - a flux talisman
Scrolls
 e - a scroll of revelation {unknown}
 i - a scroll of immolation {unknown}
 j - 4 scrolls of amnesia {unknown}
 m - 4 scrolls of identify {unknown}
 t - a scroll of teleportation {unknown}
Potions
 b - a potion of lignification
 f - 4 potions of curing {unknown}
 g - a potion of haste {unknown}
 l - a potion of mutation {unknown}
 n - a potion of resistance {unknown}
 p - a potion of enlightenment {unknown}
 q - a potion of brilliance {unknown}
 r - a potion of ambrosia {unknown}
 u - a potion of attraction {unknown}


   Skills:
 + Level 1.9 Fighting
 + Level 0.0 Short Blades
 + Level 2.2 Dodging
 - Level 3.0 Unarmed Combat
 + Level 3.4 Shapeshifting


You had 2 spell levels left.
You didn't know any spells.
Your spell library was empty.

Dungeon Overview and Level Annotations

Branches:
Dungeon (2/15)

Altars:

Shops:
D:1 =

Annotations:
D:2 Crazy Yiuf


Innate Abilities, Weirdness & Mutations

You are a hulking beast.
Your limbs bulge with bestial killing power. (Slay +1)
You have extremely sharp teeth.
Your natural rate of healing is unusually fast.
When hurt, damage is shared between your health and your magic reserves.
Your bite disrupts and absorbs the magic of your enemies.
Potions cannot restore your health.


Message History

No target in view!
You now have 38 gold pieces (gained 9).
You see here a +0 short sword.
You now have 47 gold pieces (gained 9).
Found a plate armour.
m - 4 scrolls labelled QALO ECHAURCHEI (gained 1)
You see here a +0 plate armour.
Key pressed, stopping explore.
Found a hammer.
Found two hammers.
You see here a +0 hammer.
Found five hammers.
Found a runed translucent door.
You see here a +0 hammer.
No target in view!
No target in view!
No target in view!
No target in view!
No target in view!
Found a hammer.
You see here a +0 hammer.
Crazy Yiuf yells, "Paint leg sing!"
You see here a +0 hammer.
Found three hammers.
You see here a +0 hammer.
Press: ? - help, v - describe, . - travel, g - get item
Here: Crazy Yiuf, wielding a +2 quarterstaff of chaos and wearing a +0 cloak of poison resistance (fire blocked by a runed translucent door) Item here: a glowing hammer.
The floor.
You open the door. You hit Crazy Yiuf.
Crazy Yiuf is lightly wounded.
Crazy Yiuf screams, "Lugonu!"
Crazy Yiuf barely misses you.
You closely miss Crazy Yiuf. You bite Crazy Yiuf, but do no damage.
Crazy Yiuf is lightly wounded.
Crazy Yiuf hits you with a +2 quarterstaff of chaos!
Ouch! That really hurt!
You are electrocuted!
Ouch! That really hurt!
You die...

##.).#..## #
#........# #
#.....##.###
#####
##..........
#).)#
#[....#.....
#)))#
#....##.....
)))
#....##.....
#g#
#....##.....
♣♣h♣
#....##.....
♣)♣♣
#.#####.....
♣♣)♣ #.#
#.(... ♣)♣♣
#######.....
♣♣)♣♣
#.........
♣)..♣♣
#.########
♣....♣ ##.#
#....# #..#
##..######.##


You could see Crazy Yiuf.

Vanquished Creatures
  An adder (D:2)
  A worm (D:2)
  An endoplasm (D:2)
  4 goblins (D:1)
  3 hobgoblins
  7 jackals (D:1)
  2 quokkas (D:1)
  4 ball pythons (D:1)
  3 bats (D:1)
  A frilled lizard (D:1)
  2 kobolds (D:2)
29 creatures vanquished.

Notes
Turn   | Place    | Note
-------+----------+-------------------------------------------
     0 | D:1      | DocClef the Vine Stalker Shapeshifter began the quest for
                  | the Orb.
     0 | D:1      | Reached XP level 1. HP: 9/9 MP: 2/2
    21 | D:1      | Reached skill level 1 in Fighting
   230 | D:1      | Reached XP level 2. HP: 14/14 MP: 3/3
   602 | D:1      | Found Rar Gair's One-of-a-Kind Rings.
   708 | D:1      | Found a faded altar of an unknown god.
   796 | D:1      | Reached XP level 3. HP: 18/18 MP: 4/4
  1227 | D:2      | Found a runed translucent door.
  1228 | D:2      | Noticed Crazy Yiuf
  1233 | D:2      | Slain by Crazy Yiuf

Illustrated notes

Levels and vault maps discovered:
D:1:      ldierk_walled_garden, layout_loops_corners,
          hellmonk_ecumenical_altar_dog_temple, nicolae_shop_unique_rings
D:2:      layout_rooms, basic_altar, uniq_crazy_yiuf_cottage

Skill      XL: |  1  2 |
---------------+-------+-----
Fighting       | 1 |  1.9
Dodging        | 2 |  2.2
Unarmed Combat | |  3.0
Shapeshifting  | |  3.4

Action                     || total
---------------------------++-------
  Melee: Unarmed           ||    68
         Bite              ||    17
         Punch             ||     1
         Dagger            ||     7
   Stab: Sleeping          ||     2
 Armour: Animal skin       ||    37
  Dodge: Dodged            ||    41
  Block: Buckler           ||     7

Table legend: (Time is in decaauts)
 A = Elapsed time spent in this place.
 B = Non-inter-level travel time spent in this place.
 C = Inter-level travel time spent in this place.
 D = Time resting spent in this place.
 E = Time spent auto-exploring this place.
 F = Levels seen in this place.
 G = Mean time per level.
                   A        B        C        D        E       F      G
               +--------+--------+--------+--------+--------+-----+--------+
         Total |   1232 |   1122 |    110 |      0 |    897 |   2 |  616.0 |
       Dungeon |   1232 |   1122 |    110 |      0 |    897 |   2 |  616.0 |
               +--------+--------+--------+--------+--------+-----+--------+

Top non-repeatable levels by time:
     D:1: 1002 daAuts
     D:2: 229 daAuts
